 Dungeon Crawl Stone Soup version 0.21-a0-504-g2eda330 (webtiles) character file.

28 Gorice the Chopper (level 2, -3/21 HPs)
             Began as a Demonspawn Wanderer on Nov 25, 2017.
             Slain by a gnoll
             ... wielding a +0 whip
              (12 damage)
             ... on level 2 of the Dungeon.
             The game lasted 00:03:12 (1223 turns).

Gorice the Chopper (Demonspawn Wanderer)            Turns: 1223, Time: 00:03:13

Health: -3/21      AC:  2    Str: 14    XL:     2   Next: 96%
Magic:  3/3        EV: 11    Int: 12    God:
Gold:   102        SH:  0    Dex: 11    Spells: 1/1 levels left

rFire    . . .     SeeInvis .   a - +2 hand axe
rCold    . . .     Gourm    .   (no shield)
rNeg     . . .     Faith    .   d - +0 robe
rPois    .         Spirit   .   (no helmet)
rElec    .         Reflect  .   (no cloak)
rCorr    .         Harm     .   (no gloves)
MR       .....     Rnd*Tele +   (no boots)
Stlth    +.........             (no amulet)
HPRegen  0.07/turn              e - ring of flight
MPRegen  0.08/turn              Z - ring of teleportation (curse)

@: no status effects
A: powered by pain 1
a: Evoke Flight


You were on level 2 of the Dungeon.
You were not hungry.

You visited 1 branch of the dungeon, and saw 2 of its levels.

You collected 102 gold pieces.

Inventory:

Hand Weapons
 a - a +2 hand axe (weapon)
Missiles
 j - 9 poisoned needles
 Y - 56 stones (quivered)
Armour
 d - a +0 robe (worn)
Jewellery
 e - a ring of flight (left hand)
 Z - a cursed ring of teleportation (right hand)
Wands
 c - a wand of random effects (15)
Potions
 b - 2 potions of curing
 k - 2 potions of cancellation {!q}
Comestibles
 f - a bread ration {!e}
 g - a meat ration {!e}


   Skills:
 - Level 1.0 Fighting
 * Level 3.8 Axes
   Level 1.0 Crossbows
 - Level 2.6 Armour
 - Level 2.0 Evocations


You had one spell level left.
You didn't know any spells.

Dungeon Overview and Level Annotations

Branches:
Dungeon (2/15)

Altars:

Annotations:
D:2 1 runed door


Innate Abilities, Weirdness & Mutations

You sometimes gain a little power by taking damage.


Message History

The bat barely misses you. The bat barely misses you. x2
The bat hits you.
Damage: 1 (max 1)
The bat hits you.
Damage: 1 (max 1)
You slash the bat!
You kill the bat!
You see here a bat corpse.
There are no items here.
You hit the goblin.
You kill the goblin!
Things that are here:
a dagger; a bat corpse You butcher the bat corpse.
Things that are here:
a dagger; a chunk of flesh The giant cockroach closely misses you.
The gnoll shouts!
You hit the giant cockroach.
The giant cockroach is heavily wounded.
You hear a shout!
The giant cockroach barely misses you.
Things that are here:
a dagger; a chunk of flesh You hit the giant cockroach.
You kill the giant cockroach!
You hit the gnoll.
The gnoll is moderately wounded.
The gnoll hits you with a whip.
Damage: 3 (max 3)
You hit the gnoll.
The gnoll is moderately wounded.
The gnoll hits you with a whip.
Damage: 3 (max 3)
You hit the gnoll.
The gnoll is severely wounded.
The gnoll hits you with a whip.
* * * LOW HITPOINT WARNING * * *
Damage: 5 (max 5)
You are too injured to fight recklessly!
You are too injured to fight recklessly!
You are too injured to fight recklessly!
You are too injured to fight recklessly!
You are too injured to fight recklessly!
You closely miss the gnoll.
The gnoll is severely wounded.
The gnoll hits you with a whip!
Ouch! That really hurt!
You die...

....).......g...
................
........#...$#
#.#..!.#
#...#..#
#.#.#..#
#.#....#
#g#....#
#@#....# #+#
#......# ##.#
###......# #.##
........<.# ##.#
#########.# #.##
########.# ##.##
#.......รท#
#...##
..######.#
#....# #.#
#....#


You could see a gnoll.

Vanquished Creatures
  2 dart slugs (D:1)
  A leopard gecko (D:1)
  A giant cockroach (D:2)
  4 goblins
  3 hobgoblins (D:1)
  3 jackals (D:1)
  3 bats
  3 kobolds (D:1)
  2 rats
22 creatures vanquished.

Notes
Turn   | Place    | Note
-------+----------+-------------------------------------------
     0 | D:1      | Gorice the Demonspawn Wanderer began the quest for the Orb.
     0 | D:1      | Gorice set off with: a +2 hand axe, a potion of curing, a wand of random effects (15), a +0 robe, a bread ration {!e}
     0 | D:1      | Reached XP level 1. HP: 15/15 MP: 2/2
    54 | D:1      | Reached skill level 3 in Axes
   341 | D:1      | Gained mutation: You sometimes gain a little power by taking damage. [demonic ancestry]
   341 | D:1      | Reached XP level 2. HP: 12/21 MP: 3/3
   668 | D:1      | HP: 5/21 [kobold/club (3)]
  1157 | D:2      | Found a runed door.
  1223 | D:2      | Slain by a gnoll

Vault maps used:
D:1:      dpeg_arrival_rhombus, minmay_cut_off
D:2:      lemuel_crystal_altar, minmay_stone_trees_small,
          uniq_crazy_yiuf_cottage

Skill      XL: |  1 |
---------------+----+-----
Axes           | 3 |  3.8
Fighting       | |  1.0
Crossbows      | |  1.0
Armour         | |  2.6
Evocations     | |  2.0

Action                   || total
-------------------------++-------
Melee: Hand axe          ||    58
  Use: Scroll            ||     3
  Eat: Chunk             ||     1
Armor: Robe              ||    21
Dodge: Dodged            ||    47

Table legend:
 A = Spawn XP
 B = Non-spawn XP
 C = Spawn XP percentage of total XP
 D = Spawn monster count
 E = Non-spawn monster count
 F = Spawn count percentage of total count
 G = Total turns spent on level
                    A         B        C        D         E        F      G
               +---------+---------+-------+---------+---------+-------+---------
         Total |       0 |      40 |   0.0 |       0 |      22 |   0.0 |  1223
               +---------+---------+-------+---------+---------+-------+---------
           D:1 |       0 |      34 |   0.0 |       0 |      18 |   0.0 |  1136
           D:2 |       0 |       6 |   0.0 |       0 |       4 |   0.0 |    87
               +---------+---------+-------+---------+---------+-------+---------

Table legend:
 A = Turns spent in this place as a percentage of turns spent in the entire game.
 B = Non-inter-level travel turns spent in this place as a percentage of non-inter-level travel turns spent in the entire game.
 C = Inter-level travel turns spent in this place as a percentage of turns spent in this place.
 D = Turns resting spent in this place as a percentage of non-inter-level travel turns spent in this place.
 E = Turns spent auto-exploring this place as a percentage of non-inter-level travel turns spent in this place.
 F = Non-inter-level travel turns spent in this place divided by the number of levels of this place that you've seen.
                   A       B       C       D       E      F
               +-------+-------+-------+-------+-------+----------------------
         Total | 100.0 | 100.0 |   2.5 |  54.8 |  16.3 | 596.5
       Dungeon | 100.0 | 100.0 |   2.5 |  54.8 |  16.3 | 596.5
               +-------+-------+-------+-------+-------+----------------------

Vault maps used:
D:1:      dpeg_arrival_rhombus, minmay_cut_off
D:2:      lemuel_crystal_altar, minmay_stone_trees_small,
          uniq_crazy_yiuf_cottage
